 Dungeon Crawl Stone Soup version 0.31-a0-569-g7ea453304b (webtiles) character file.

Game seed: 10492526561677256668

1173 Ethylacetat the Insei (level 8, -4/57 HPs)
             Began as an Octopode Gladiator on Aug 18, 2023.
             Slain by an ogre
             ... wielding a +0 giant club
              (29 damage)
             ... on level 6 of the Dungeon.
             The game lasted 00:05:13 (4223 turns).

Ethylacetat the Insei (Octopode Gladiator)          Turns: 4223, Time: 00:05:13

Health: -4/57      AC:  1    Str: 13    XL:     8   Next: 41%
Magic:  8/8        EV: 17    Int: 10    God:
Gold:   282        SH:  0    Dex: 22    Spells: 7/7 levels left

rFire   . . .        p - +2 trident (venom)
rCold   . . .        (no shield)
rNeg    . . .        a - +0 hat
rPois   .            (no amulet)
rElec   .            i - ring of flight
rCorr   .            o - +6 ring of dexterity
SInv    .            (no ring)
Will    .....        (no ring)
Stlth   +++          (no ring)
HPRegen 0.29/turn    (no ring)
MPRegen 0.11/turn    (no ring)
                     (no ring)

%: no passive effects
@: flying
A: almost no armour, amphibious, 8 rings, camouflage 1, gelatinous body 1,
(nimble swimmer 1), tentacles
a: no special abilities


You were on level 6 of the Dungeon.
You visited 1 branch of the dungeon, and saw 6 of its levels.

You collected 282 gold pieces.

Inventory:

Hand Weapons
 p - a +2 trident of venom (weapon)
Missiles
 b - 3 throwing nets (quivered)
 c - a javelin
Armour
 a - a +0 hat (worn)
Jewellery
 i - a ring of flight (left tentacle)
 o - a +6 ring of dexterity (right tentacle)
 r - a ring of see invisible
Wands
 j - a wand of polymorph (8)
 m - a wand of digging (3)
Scrolls
 d - 4 scrolls of teleportation {unknown}
 e - 2 scrolls of silence {unknown}
 f - a scroll of enchant weapon {unknown}
 g - 5 scrolls of identify {unknown}
 l - a scroll of poison {unknown}
 n - 3 scrolls of blinking {unknown}
 q - a scroll of revelation {unknown}
Potions
 h - a potion of cancellation {unknown}
 k - 3 potions of curing {unknown}


   Skills:
 + Level 6.0 Fighting
 - Level 2.0 Throwing
 + Level 6.3 Dodging
 + Level 6.3 Unarmed Combat


You had 7 spell levels left.
You didn't know any spells.
Your spell library contained the following spells:

 Spells                   Type           Power      Damage    Failure   Level
 Summon Small Mammal      Summ           0%         N/A       36%         1
 Call Canine Familiar     Summ           0%         N/A       75%         3
 Summon Guardian Golem    Hex/Summ       0%         N/A       75%         3


Dungeon Overview and Level Annotations

Branches:
Dungeon (6/15)
 Temple: D:4-7

Altars:
Makhleb
Okawaru
Vehumet
Zin

Shops:
D:1 ?   D:2 !?   D:4 [   D:5 :


Innate Abilities, Weirdness & Mutations

You cannot wear most types of armour.
You are amphibious.
You can wear up to eight rings at the same time.
Your skin changes colour to match your surroundings (Stealth+).
Your rubbery body absorbs attacks. (AC +1, EV +1)
((You are camouflaged when in or above water. (Stealth+)))
You have tentacles for arms and can constrict up to eight enemies at once.


Message History

No target in view!
g - 5 scrolls labelled NEHE LEMOTIDO (gained 1)
You see here a +2 heavy war axe.
No target in view!
k - 3 metallic sapphire potions (gained 1)
r - a ring of see invisible No target in view!
Done exploring.
No target in view!
Done exploring.
No target in view!
No target in view!
No target in view!
Done exploring.
There is an open door here.
There is a stone staircase leading down here.
You fly downwards.
Found a club and 15 gold pieces.
There is a stone staircase leading up here.
An ogre comes into view. It is wielding a +0 giant club.
An ogre is nearby!
The ogre shouts!
You reach to attack!
You hit the ogre.
The ogre is poisoned.
The ogre is moderately wounded.
An ogre is nearby!
You barely miss the ogre. Your squeeze misses the ogre.
The ogre is moderately wounded.
The ogre hits you with a +0 giant club!!
Ouch! That really hurt!
You are too injured to fight recklessly!
You are too injured to fight recklessly!
You are too injured to fight recklessly!
You hit the ogre.
The ogre looks as sick as possible!
The ogre is heavily wounded.
The ogre misses you.
You puncture the ogre!
The ogre is almost dead.
The ogre hits you with a +0 giant club!!
Ouch! That really hurt!
You die...

##... ...
#.... ...
.... ..# ...
#.# # ..
#.####.## #.
#........
#O###........
#.@..<.....#
#.....)#####
#......#
#.....##
#.....#
###$### #.#
#.# #.#


You could see an ogre (extremely poisoned).

Vanquished Creatures
  Sigmund (D:3)
  A water moccasin (D:5)
  An ice beast (D:5)
  2 phantoms
  A scorpion (D:4)
  4 hounds
  6 iguanas
  Jessica (D:3)
  2 orc wizards
  Terence (D:2)
  4 gnolls (D:2)
  10 adders
  2 ufetubi
  3 worms
  4 dart slugs
  7 orcs
  6 bats
  6 endoplasms
  6 giant cockroaches
  7 hobgoblins
  16 jackals
  2 quokkas
  4 ball pythons
  4 frilled lizards
  3 goblins
  6 kobolds
  7 rats
117 creatures vanquished.

Notes
Turn   | Place    | Note
-------+----------+-------------------------------------------
     0 | D:1      | Ethylacetat the Octopode Gladiator began the quest for the
                  | Orb.
     0 | D:1      | Reached XP level 1. HP: 14/14 MP: 1/1
     1 | D:1      | Found a runed translucent door.
   197 | D:1      | Reached XP level 2. HP: 19/19 MP: 2/2
   319 | D:1      | Found a faded altar of an unknown god.
   451 | D:1      | Found Qiuceuck's Magic Scroll Boutique.
   575 | D:1      | Reached XP level 3. HP: 21/25 MP: 3/3
   683 | D:2      | Noticed Terence
   696 | D:2      | Killed Terence
   697 | D:2      | Reached XP level 4. HP: 6/31 MP: 4/4
   950 | D:2      | Reached XP level 5. HP: 14/36 MP: 5/5
  1079 | D:2      | Found Buynuetu's Magic Scroll Emporium.
  1327 | D:2      | Found Fapo's Distillery.
  1358 | D:3      | Noticed Sigmund
  1367 | D:3      | Killed Sigmund
  1368 | D:3      | Reached XP level 6. HP: 30/43 MP: 6/6
  1838 | D:3      | Found a glowing silver altar of Zin.
  1895 | D:3      | Noticed Jessica
  1905 | D:3      | Killed Jessica
  2349 | D:3      | Found a radiant altar of Vehumet.
  2392 | D:3      | Found an iron altar of Okawaru.
  2656 | D:4      | Reached skill level 5 in Dodging
  2656 | D:4      | Reached skill level 5 in Unarmed Combat
  2656 | D:4      | Reached XP level 7. HP: 46/49 MP: 7/7
  3158 | D:4      | Reached skill level 5 in Fighting
  3224 | D:4      | Found a burning altar of Makhleb.
  3238 | D:4      | Found Luogiyned's Armour Emporium.
  3500 | D:5      | Entered Level 5 of the Dungeon
  3515 | D:5      | Reached XP level 8. HP: 41/56 MP: 8/8
  3786 | D:5      | Found Veloces's Book Boutique.
  4223 | D:6      | Slain by an ogre

Illustrated notes

Levels and vault maps discovered:
D:1:      dpeg_arrival_caged_fury, layout_basic,
          dreamdust_ecumenical_altar_statues, serial_shops,
          nicolae_shop_rolling_square
D:2:      layout_basic, serial_aquarium, aquarium_bridge_straight
          [aquarium_subvault_bridge, aquarium_subvault_wall,
          aquarium_subvault_bridge, aquarium_subvault_wall], aquarium_window_1,
          aquarium_window_corner, aquarium_window_3, aquarium_view_2d,
          aquarium_pool_double, serial_shops, nicolae_diamond_shop,
          nicolae_shop_peninsula, uniq_terence
D:3:      layout_basic, mainiacjoe_overflow_alcove_2,
          mainiacjoe_overflow_two_lobes, uniq_jessica, uniq_sigmund
D:4:      layout_gridville, makhleb_heckhound_becter, serial_shops, shop
D:5:      layout_basic, serial_shops, nicolae_diamond_shop
D:6:      layout_loops_ring, uniq_eustachio

Skill      XL: |  1  2  3  4  5  6  7  8 |
---------------+-------------------------+-----
Fighting       | 3 4 5 6 |  6.0
Dodging        | 4 5 6 |  6.3
Unarmed Combat | 4 5 6 |  6.3
Throwing       | |  2.0

Action                     |  1- 3 |  4- 6 |  7- 9 || total
---------------------------+-------+-------+-------++-------
  Melee: Unarmed           |    88 |   104 |    76 ||   268
         Constrict         |    23 |    32 |    24 ||    79
         Tentacles         |    13 |    24 |    29 ||    66
         Punch             |     5 |     4 |     6 ||    15
         Trident           |       |       |    38 ||    38
  Throw: Throwing net      |     1 |       |       ||     1
   Stab: Sleeping          |     4 |    13 |    10 ||    27
 Armour: Skin              |     7 |     6 |     5 ||    18
  Dodge: Dodged            |    44 |    64 |    71 ||   179

Table legend: (Time is in decaauts)
 A = Elapsed time spent in this place.
 B = Non-inter-level travel time spent in this place.
 C = Inter-level travel time spent in this place.
 D = Time resting spent in this place.
 E = Time spent auto-exploring this place.
 F = Levels seen in this place.
 G = Mean time per level.
                   A        B        C        D        E       F      G
               +--------+--------+--------+--------+--------+-----+--------+
         Total |   4209 |   4137 |     72 |      3 |   3384 |   6 |  701.5 |
       Dungeon |   4209 |   4137 |     72 |      3 |   3384 |   6 |  701.5 |
               +--------+--------+--------+--------+--------+-----+--------+

Top non-repeatable levels by time:
     D:3: 1115 daAuts
     D:4: 1017 daAuts
     D:5: 723 daAuts
     D:2: 699 daAuts
     D:1: 645 daAuts
     D:6: 8 daAuts
